 Dungeon Crawl Stone Soup version 0.28-a0-2-g643f2454ad (webtiles) character file.

Game seed: 9796407515568156476

17735 Mitsuki the Destroyer (level 12, -1/64 HPs)
             Began as a Deep Elf Conjurer on July 21, 2021.
             Was an Elder of Vehumet.
             Slain by a two-headed ogre (14 damage)
             ... on level 12 of the Dungeon on July 22, 2021.
             The game lasted 00:55:29 (14295 turns).

Mitsuki the Destroyer (Deep Elf Conjurer)          Turns: 14295, Time: 00:55:29

Health: -1/64      AC: 10    Str:  4    XL:     12   Next: 21%
Magic:  23/29      EV: 16    Int: 29    God:    Vehumet [****..]
Gold:   811        SH:  0    Dex: 13    Spells: 19/34 levels left

rFire   . . .      SeeInvis .   N - +2 scimitar (vorpal)
rCold   + . .      Faith    .   (no shield)
rNeg    . . .      Spirit   .   B - +0 steam dragon scales
rPois   .          Reflect  .   n - +1 helmet
rElec   .          Harm     .   I - +0 cloak
rCorr   .          Rampage  .   z - +0 pair of gloves
Will    +....                   l - +0 pair of boots
Stlth   ++........              y - amulet of regeneration
HPRegen 1.20/turn               D - ring of protection from cold
MPRegen 0.21/turn               M - +4 ring of evasion

@: no status effects
A: no striking features
a: Renounce Religion


You were on level 12 of the Dungeon.
You worshipped Vehumet.
Vehumet was greatly pleased with you.
You visited 3 branches of the dungeon, and saw 14 of its levels.

You collected 811 gold pieces.

Inventory:

Hand Weapons
 C - the +5 flail of Severance {freeze, rElec rC+++ Will- Str-4 SInv}
   (You found it on level 6 of the Dungeon)

   It freezes those it strikes, dealing additional cold damage.
   It can also slow down cold-blooded creatures.
   Str:       It affects your strength (-4).
   rC:        It renders you almost immune to cold.
   rElec:     It insulates you from electricity.
   SInv:      It lets you see invisible.
   Will:      It decreases your willpower.
 N - a +2 vorpal scimitar (weapon)
Armour
 l - a +0 pair of boots (worn)
 n - a +1 helmet (worn)
 z - a +0 pair of gloves (worn)
 B - +0 steam dragon scales (worn)
 I - a +0 cloak (worn)
 P - the +4 Cigotuvi's embrace {rMiasma Drain rN+}
   (You found it on level 11 of the Dungeon)

   It gathers nearby corpses to temporarily increase the armour it provides.
   It protects you from foul pestilence.
   rN:        It protects you from negative energy.
   Drain:     It drains your maximum health when unequipped.
Magical Staves
 o - a staff of death
Jewellery
 g - a ring of flight
 y - an amulet of regeneration (around neck)
 D - a ring of protection from cold (left hand)
 K - a ring of resist corrosion
 M - a +4 ring of evasion (right hand)
 O - a ring of positive energy
Wands
 a - a wand of iceblast (2)
 h - a wand of charming (21)
 t - a wand of polymorph (15)
 J - a wand of acid (3)
Scrolls
 d - 4 scrolls of noise {unknown}
 p - 7 scrolls of teleportation {unknown}
 r - 5 scrolls of blinking {unknown}
 u - 3 scrolls of vulnerability {unknown}
 G - 2 scrolls of magic mapping
Potions
 c - 3 potions of mutation
 e - 3 potions of might
 i - 4 potions of flight
 k - 4 potions of cancellation
 m - a potion of berserk rage
 q - 3 potions of haste
 s - 6 potions of heal wounds
 v - 3 potions of curing
 w - 2 potions of brilliance
 A - 2 potions of ambrosia
 Q - a potion of resistance
Miscellaneous
 E - a condenser vane


   Skills:
 - Level 3.0 Fighting
 + Level 1.2 Armour
 - Level 2.4 Dodging
 - Level 2.4 Stealth
 - Level 11.6 Spellcasting
 - Level 13.9 Conjurations
 - Level 7.5 Translocations
 * Level 11.1 Fire Magic


You had 19 spell levels left.
You knew the following spells:

 Your Spells              Type           Power      Damage    Failure   Level
a - Magic Dart            Conj           100%       1d8       0%          1
b - Searing Ray           Conj           100%       3d7       0%          2
c - Passage of Golubria   Tloc           N/A        N/A       1%          4
d - Apportation           Tloc           100%       N/A       1%          1
f - Sticky Flame          Conj/Fire      74%        2d9       1%          4
g - Mephitic Cloud        Conj/Pois/Air  43%        N/A       1%          3

Your spell library contained the following spells:

 Spells                   Type           Power      Damage    Failure   Level
 Foxfire                  Conj/Fire      100%       2x1d9     0%          1
 Shock                    Conj/Air       100%       1d9       1%          1
 Static Discharge         Conj/Air       55%        N/A       1%          2
 Dazzling Flash           Conj/Hex       100%       N/A       1%          3
 Fulminant Prism          Conj/Hex       27%        3d14      1%          4
 Iskenderun's Mystic Bla  Conj/Tloc      68%        2d14      1%          4
 Animate Skeleton         Necr           32%        N/A       3%          1
 Corona                   Hex            17%        N/A       3%          1
 Summon Small Mammal      Summ           64%        N/A       3%          1
 Slow                     Hex            16%        N/A       4%          2
 Airstrike                Air            8%         N/A       9%          4
 Confusing Touch          Hex            16%        N/A       10%         3
 Swiftness                Air            16%        N/A       10%         3
 Tukima's Dance           Hex            16%        N/A       10%         3
 Vampiric Draining        Necr           8%         2d7       10%         3
 Yara's Violent Unravell  Hex/Tmut       8%         3d5       22%         5
 Dispel Undead            Necr           16%        3d10      30%         4


Dungeon Overview and Level Annotations

Branches:
Dungeon (12/15)            Temple (1/1) D:7            Lair (1/6) D:11
    Orc (0/2) D:11

Altars:
Ashenzari
Cheibriados
Dithmenos
Elyvilon
Fedhas
Gozag
Hepliaklqana
Kikubaaqudgha
Makhleb
Nemelex Xobeh
Okawaru
Qazlal
Ru
Sif Muna
Trog
Uskayaw
Vehumet
Wu Jian
Xom
Yredelemnul
Zin
The Shining One
Beogh

Shops:
D:1 (   D:6 (   D:9 [   D:10 [

Annotations:
D:6 Sigmund
D:7 exclusion: boulder beetle
D:11 2 runed translucent doors, Urug


Message History

Press: ? - help, Shift-Dir - straight line, f - basilisk
Aim: a basilisk (asleep, 100% to hit)
The searing ray hits the basilisk!
The basilisk is lightly wounded.
The basilisk hisses angrily. (Press . to maintain the ray.)
A two-headed ogre comes into view. It is wielding two +0 giant clubs.
You now have 27/29 mp.
The searing ray hits the basilisk!!
The basilisk is severely wounded.
The two-headed ogre shouts in stereo!
You hear an angry hiss.
Found a stone staircase leading down.
You now have 26/29 mp.
The searing ray hits the basilisk!
You kill the basilisk!
Vehumet accepts your kill.
You feel your power returning.
The searing ray hits the two-headed ogre!
The two-headed ogre is lightly wounded.
You finish channeling your searing ray.
You now have 26/29 mp.
Casting: Searing Ray (safe; 0% risk of failure)
Confirm with . or Enter, or press ? or * to list all spells.
Aiming: Searing Ray (safe; 0% risk of failure)
Press: ? - help, Shift-Dir - straight line, f - two-headed ogre
Aim: a two-headed ogre, wielding two +0 giant clubs (lightly wounded, 92% to hit)
The searing ray hits the two-headed ogre!
The two-headed ogre is moderately wounded. (Press . to maintain the ray.)
The two-headed ogre closely misses you. The two-headed ogre misses you.
You now have 25/29 mp.
The searing ray hits the two-headed ogre!
The two-headed ogre is heavily wounded.
The two-headed ogre hits you with a +0 giant club!! x2
You take 37 damage, and have 27/64 hp.
MASSIVE DAMAGE!!
You now have 24/29 mp.
The searing ray hits the two-headed ogre.
The two-headed ogre is heavily wounded.
The two-headed ogre hits you with a +0 giant club!
* * * LOW HITPOINT WARNING * * *
The two-headed ogre hits you with a +0 giant club!
You die...

,,*,,,,* **,,*.....,,,,,,* *
,,,,,,,* ***,,***...#****,,*
* ,,,,,,** **,,,** *...#
**,** ** ,,,*,,****,,,,*
*#..# *,,***, *****,,**,,,,,*
#..# *,,,**, * **,,,.,,,,*
*§§## *,,,,*, **,,...,,*
*#§§## **,,,,,
*,,.....######§§§#***,,,,,,
**,,...!†.O@§§§§§§.....,,,,,
**,,,.......§§§§####....*,,**
**,,,,...######..# **#..,,***
**,,,,,.,,,* #..#* **,,.,,*
***,,**,,,,,,** ##.>#
*,,,*,,** ,,,,,***,,*,,,**
#..#**,****,,* **,,,*
*,,**,,,***#..#*,** **,**
***,,* *,,**,,,,*,,,..,,*
*,,* * *,,*
**,,**,,,,,***,,** **,,


You could see a two-headed ogre.

Vanquished Creatures
  A two-headed ogre (D:8)
  A necromancer (D:12)
  2 cyclopes
  A gargoyle (D:6)
  Psyche (D:11)
  A kobold demonologist (D:7)
  A cane toad (Lair:1)
  Maggie (D:6)
  A komodo dragon (D:11)
  An unseen horror (D:9)
  3 hellwings (D:11)
  2 trolls
  2 hornets (D:9)
  A shadow (D:10)
  A basilisk (D:12)
  A wyvern (D:7)
  24 yaks
  Eustachio (D:6)
  4 vampire mosquitoes
  An acid dragon (D:8)
  2 water moccasins
  7 orc warriors
  2 black bears
  4 ice beasts
  2 necrophages (D:7)
  16 centaurs
  2 phantoms
  5 bullfrogs
  A kobold brigand (D:8)
  3 scorpions
  2 wyvern zombies (D:8)
  A wyvern skeleton (D:6)
  A killer bee (D:8)
  A water moccasin skeleton (D:4)
  7 wights
  6 howler monkeys
  13 centaur zombies
  A jelly (D:8)
  A bullfrog skeleton (D:5)
  2 gnoll shamans
  8 orc priests
  5 centaur skeletons
  5 hounds
  2 iguanas
  13 orc wizards
  A killer bee zombie (D:9)
  3 howler monkey zombies
  6 gnolls
  4 adders
  3 shadow imps
  2 white imps (D:7)
  4 ufetubi
  An adder skeleton (D:4)
  3 worms (D:2)
  24 orcs
  5 ball pythons
  An endoplasm (D:4)
  A giant cockroach (D:1)
  4 goblins
  2 hobgoblins (D:1)
  10 jackals
  2 kobolds
  3 quokkas
  6 bats
  4 frilled lizards
  2 rats
254 creatures vanquished.

Vanquished Creatures (others)
  15 plants (D:11)
15 creatures vanquished.

Grand Total: 269 creatures vanquished

Notes
Turn   | Place    | Note
-------+----------+-------------------------------------------
     0 | D:1      | Mitsuki the Deep Elf Conjurer began the quest for the Orb.
     0 | D:1      | Reached XP level 1. HP: 10/10 MP: 6/6
   326 | D:1      | Found Ytuut's Weapon Emporium.
   406 | D:1      | Reached XP level 2. HP: 15/15 MP: 2/8
   469 | D:1      | Found a faded altar of an unknown god.
   487 | D:1      | Learned a level 2 spell: Searing Ray
  1264 | D:2      | Reached skill level 5 in Conjurations
  1548 | D:2      | Reached XP level 3. HP: 19/19 MP: 2/10
  1873 | D:2      | Found an ornate altar of the Wu Jian Council.
  2545 | D:3      | Found a white marble altar of Elyvilon.
  2584 | D:3      | Found a shimmering altar of Xom.
  3034 | D:3      | Reached XP level 4. HP: 24/24 MP: 10/12
  3285 | D:4      | Noticed an ice beast
  3530 | D:4      | Reached skill level 6 in Conjurations
  3682 | D:4      | Learned a level 4 spell: Passage of Golubria
  3746 | D:4      | Reached XP level 5. HP: 28/28 MP: 3/14
  3829 | D:4      | Reached skill level 5 in Spellcasting
  3974 | D:4      | Killed an ice beast
  3975 | D:4      | Reached skill level 7 in Conjurations
  3975 | D:4      | Reached XP level 6. HP: 32/32 MP: 9/16
  4341 | D:5      | Entered Level 5 of the Dungeon
  4383 | D:5      | Learned a level 1 spell: Apportation
  4394 | D:5      | Reached skill level 1 in Translocations
  4394 | D:5      | Reached XP level 7. HP: 36/36 MP: 11/18
  4450 | D:5      | Found a shimmering blue altar of Sif Muna.
  4497 | D:5      | Reached skill level 8 in Conjurations
  4862 | D:5      | Found a blossoming altar of Fedhas.
  5254 | D:6      | Noticed Sigmund
  5317 | D:6      | Noticed Eustachio
  5328 | D:6      | Killed Eustachio
  5385 | D:6      | Reached skill level 9 in Conjurations
  5385 | D:6      | Reached XP level 8. HP: 41/41 MP: 8/20
  5488 | D:6      | Noticed a gargoyle
  5496 | D:6      | Killed a gargoyle
  6132 | D:6      | Reached skill level 10 in Conjurations
  6277 | D:6      | Found Huvuin's Antique Weapon Shop.
  6278 | D:6      | Noticed Maggie
  6298 | D:6      | Killed Maggie
  6373 | D:6      | Reached XP level 9. HP: 45/45 MP: 18/23
  6544 | D:6      | Identified the +5 flail of Severance {freeze, rElec rC+++
                  | Will- Str-4 SInv}
  6964 | D:7      | Reached skill level 5 in Translocations
  7308 | D:7      | Noticed a cyclops
  7340 | D:7      | Killed a cyclops
  7341 | D:7      | Reached skill level 11 in Conjurations
  7448 | D:7      | Noticed a boulder beetle
  7470 | D:7      | Found a staircase to the Ecumenical Temple.
  7479 | Temple   | Entered the Ecumenical Temple
  7562 | Temple   | Became a worshipper of Vehumet
  8004 | D:7      | Noticed a kobold demonologist
  8013 | D:7      | Killed a kobold demonologist
  8105 | D:7      | Reached skill level 10 in Spellcasting
  8202 | D:7      | Reached skill level 12 in Conjurations
  8256 | D:7      | Reached XP level 10. HP: 49/50 MP: 17/26
  8766 | D:8      | Reached * piety under Vehumet
  8766 | D:8      | Offered knowledge of Sandblast by Vehumet.
  8841 | D:8      | Found a snail-covered altar of Cheibriados.
  8857 | D:8      | Found an iron altar of Okawaru.
  8858 | D:8      | Found an ornate altar of the Wu Jian Council.
  9163 | D:8      | Upgraded the game from 0.27-a0-1597-ge58577e147 to
                  | 0.28-a0-2-g643f2454ad
  9262 | D:8      | Reached skill level 13 in Conjurations
  9545 | D:8      | Noticed a two-headed ogre
  9553 | D:8      | Killed a two-headed ogre
  9724 | D:8      | Reached ** piety under Vehumet
  9724 | D:8      | Offered knowledge of Foxfire by Vehumet.
  9848 | D:8      | Learned a level 1 spell: Foxfire
 10021 | D:8      | Reached skill level 1 in Fire Magic
 10258 | D:9      | Reached XP level 11. HP: 54/54 MP: 21/28
 10762 | D:9      | Found Fakizaz's Antique Armour Shoppe.
 10961 | D:9      | Paralysed by a hornet for 3 turns
 10969 | D:9      | Reached skill level 5 in Fire Magic
 10975 | D:9      | Offered knowledge of Stone Arrow by Vehumet.
 10977 | D:9      | HP: 2/54 [poisoned by a hornet]
 10982 | D:9      | HP: 2/54 [poisoned by a hornet]
 11316 | D:9      | Found a basalt altar of Yredelemnul.
 11697 | D:10     | Entered Level 10 of the Dungeon
 11833 | D:10     | Learned a level 4 spell: Sticky Flame
 11988 | D:10     | Found Urchumnexa's Armour Boutique.
 12064 | D:10     | Reached *** piety under Vehumet
 12147 | D:10     | Found a hazy altar of Hepliaklqana.
 12800 | D:11     | Offered knowledge of Mephitic Cloud by Vehumet.
 12845 | D:11     | Found a staircase to the Lair.
 12857 | D:11     | Learned a level 3 spell: Mephitic Cloud
 12975 | D:11     | Reached skill level 1 in Fighting
 13165 | D:11     | Found a runed translucent door.
 13217 | D:11     | Reached skill level 10 in Fire Magic
 13222 | D:11     | Noticed Psyche
 13228 | D:11     | Killed Psyche
 13419 | D:11     | Found a runed translucent door.
 13421 | D:11     | Noticed Urug
 13531 | D:11     | Reached XP level 12. HP: 58/64 MP: 20/29
 13629 | D:11     | Found a staircase to the Orcish Mines.
 13650 | D:11     | Reached **** piety under Vehumet
 13753 | D:11     | Found the +4 Cigotuvi's embrace {rMiasma Drain rN+}
 13914 | D:11     | Noticed a two-headed ogre
 14040 | Lair:1   | Entered Level 1 of the Lair of Beasts
 14127 | Lair:1   | Noticed a five-headed hydra
 14177 | D:11     | Noticed a seven-headed hydra
 14222 | D:12     | Reached skill level 1 in Armour
 14289 | D:12     | Noticed a two-headed ogre
 14295 | D:12     | Slain by a two-headed ogre

Illustrated notes

Levels and vault maps discovered:
D:1:      erik_arrival_cave_to_civilisation [erik_arrival_cave_to_hall],
          layout_basic, serial_shops, shop,
          shapermc_ecumenical_altar_mp_vishouse
D:2:      layout_basic, basic_altar, chequers_serial_rivers_room_a
D:3:      layout_loops_cross, mainiacjoe_overflow_two_lobes,
          corexii_leaking_fountain
D:4:      layout_basic, minmay_misc_feat_four_crosses
D:5:      layout_basic, mainiacjoe_overflow_paths, mainiacjoe_overflow_catwalk
D:6:      layout_loops_ring, serial_shops, nicolae_shop_trees, minivault_5,
          chequers_serial_rivers_room_b, uniq_sigmund, uniq_maggie,
          uniq_eustachio
D:7:      kennysheep_windowed_halls, layout_loops_ring,
          lemuel_temple_firewalk_a, bh_walls_and_bars
D:8:      minmay_imperfect_grid, layout_basic, grunt_temple_overflow_open
D:9:      layout_loops_ring, nicolae_yredelemnul_corpse_copse, serial_shops,
          shop_statue, minmay_fractal_squares_diagonal_5
D:10:     layout_basic, mainiacjoe_overflow_alcove_4, serial_shops, shop,
          chequers_serial_rivers_large_b, feat_on_display
D:11:     cheibrodos_histonic, layout_irregular_city, david_lair_shrubbed,
          minmay_orc_entry_temple_small, hellmonk_guarded_unrand_cigotuvi,
          uniq_urug, uniq_psyche
D:12:     layout_layer_cave, gauntlet_entry_generic, uniq_nergalle
Temple:   dshaligram_water_room_temple
Lair:1:   layout_small_grid

Skill      XL: |  1  2  3  4  5  6  7  8  9 10 11 12 |
---------------+-------------------------------------+-----
Conjurations   | 5 6 7 9 10 12 13 | 13.9
Spellcasting   | 4 5 6 7 8 10 11 | 11.6
Translocations | 1 3 4 6 7 |  7.5
Fire Magic     | 1 10 11 | 11.1
Fighting       | 2 3 |  3.0
Armour         | 1 |  1.2
Dodging        | |  2.4
Stealth        | |  2.4

Action                   |  1- 3 |  4- 6 |  7- 9 | 10-12 || total
-------------------------+-------+-------+-------+-------++-------
Melee: Unarmed           |     1 |       |       |       ||     1
       Dagger            |       |       |     4 |    29 ||    33
       Scimitar          |       |       |       |    13 ||    13
 Cast: Magic Dart        |    73 |    59 |    89 |   184 ||   405
       Searing Ray       |     5 |     4 |    39 |    94 ||   142
       Passage of Golubr |       |       |       |     6 ||     6
       Sticky Flame      |       |       |       |     6 ||     6
       Mephitic Cloud    |       |       |       |     5 ||     5
       Foxfire           |       |       |       |     2 ||     2
  Use: Scroll            |       |       |       |    16 ||    16
       Potion            |       |       |       |     1 ||     1
 Stab: Sleeping          |       |       |     2 |     1 ||     3
Armor: Robe              |     1 |     3 |     6 |       ||    10
       Steam dragon scal |       |       |    17 |   200 ||   217
Dodge: Dodged            |     7 |     7 |    49 |   333 ||   396
       Rpst.: Scimitar   |       |       |       |    35 ||    35

Table legend: (Time is in decaauts)
 A = Elapsed time spent in this place.
 B = Non-inter-level travel time spent in this place.
 C = Inter-level travel time spent in this place.
 D = Time resting spent in this place.
 E = Time spent auto-exploring this place.
 F = Levels seen in this place.
 G = Mean time per level.
                   A        B        C        D        E       F      G
               +--------+--------+--------+--------+--------+-----+--------+
         Total |  14346 |  13500 |    846 |   2602 |   8899 |  14 | 1024.7 |
       Dungeon |  14146 |  13316 |    830 |   2602 |   8826 |  12 | 1178.8 |
        Temple |     99 |     83 |     16 |      0 |     73 |   1 |   99.0 |
          Lair |    100 |    100 |      0 |      0 |      0 |   1 |  100.0 |
               +--------+--------+--------+--------+--------+-----+--------+

Top non-repeatable levels by time:
     D:6: 1731 daAuts
     D:7: 1697 daAuts
     D:9: 1543 daAuts
     D:8: 1515 daAuts
    D:11: 1453 daAuts
     D:2: 1429 daAuts
     D:1: 998 daAuts
     D:3: 966 daAuts
    D:10: 957 daAuts
     D:4: 947 daAuts
     D:5: 862 daAuts
  Lair:1: 100 daAuts
  Temple: 99 daAuts
    D:12: 43 daAuts
